 Dungeon Crawl Stone Soup version 0.31-a0-971-g75a2e9a4b4 (webtiles) character file.

Game seed: 1545751493359604235

19945 jt the Frost Mage (level 12, -4/106 HPs)
             Began as a Naga Enchanter on Oct 28, 2023.
             Was a Believer of Uskayaw.
             Slain by a lindwurm simulacrum (11 damage)
             ... in an ice cave.
             The game lasted 00:58:19 (14809 turns).

jt the Frost Mage (Naga Enchanter)                 Turns: 14809, Time: 00:58:20

Health: -4/106     AC: 12    Str: 13    XL:     12   Next: 74%
Magic:  5/18       EV: 11    Int: 20    God:    Uskayaw [**....]
Gold:   457        SH:  5    Dex: 19    Spells: 11/19 levels left

rFire   . . .        a - -1 demon whip (venom)
rCold   + . .        (no shield)
rNeg    + . .        h - +1 ring mail "Dytoy" {Rampage rC+ Int+3}
rPois   +            (no helmet)
rElec   .            f - +0 cloak
rCorr   .            l - +1 pair of gloves
SInv    +            (no barding)
Will    +....        s - amulet of reflection
Stlth   ++           N - ring of positive energy
HPRegen 0.37/turn    C - +6 ring of dexterity
MPRegen 0.16/turn

%: reflection, rampage
@: very slightly contaminated, very slow
A: AC +4, large, see invisible, deformed body, poison resistance, slowness 2,
spit poison 1, naga tail 1
a: Spit Poison, Renounce Religion, Stomp, Line Pass


You were in an ice cave.
You worshipped Uskayaw.
Uskayaw was noncommittal.
You visited 3 branches of the dungeon, and saw 14 of its levels.
You also visited: Ice Cave.

You collected 675 gold pieces.
You spent 218 gold pieces at shops.

Inventory:

Hand Weapons
 a - a -1 demon whip of venom (weapon)
 d - a +2 whip of freezing
 j - a +1 dagger
 n - a +3 whip of electrocution
 o - a +0 glaive
 q - a +0 sling
 t - a +1 mace of protection
 A - a +0 hand axe
 E - a +0 trident
 H - a +3 scimitar of flaming
 I - a +0 war axe
 J - a +0 orcbow
 P - the +2 mace of Jauc {vamp, Will+}
   (You found it on level 11 of the Dungeon)

   Will+:     It increases your willpower.
Missiles
 e - 94 stones
 D - 29 poisoned darts
 F - 5 curare-tipped darts
 R - 6 boomerangs
Armour
 f - a +0 cloak (worn)
 h - the +1 ring mail "Dytoy" (worn) {Rampage rC+ Int+3}
   (You took it off an orc priest on level 5 of the Dungeon)

   Int+3:     It affects your intelligence (+3).
   rC+:       It protects you from cold.
   Rampage:   It bestows one free step when moving towards enemies.
 l - a +1 pair of gloves (worn)
 r - a +1 leather armour of cold resistance
 x - +0 acid dragon scales
 K - a +0 chain mail of willpower
 O - a +0 troll leather armour
 Q - an orb of light
Jewellery
 i - a ring of resist corrosion
 k - an amulet of faith
 s - an amulet of reflection (around neck)
 C - a +6 ring of dexterity (right hand)
 N - a ring of positive energy (left hand)
Talismans
 y - a serpent talisman
Wands
 w - a wand of flame (8)
Scrolls
 c - a scroll of fog
 m - a scroll of blinking
 p - a scroll of acquirement
 u - a scroll of brand weapon
 B - a scroll of poison
 L - 2 scrolls of identify
Potions
 b - 9 potions of ambrosia
 g - a potion of magic
 v - 3 potions of curing
 z - 2 potions of brilliance
 S - a potion of attraction
Miscellaneous
 G - a box of beasts (inert)


   Skills:
 - Level 6.6 Fighting
 - Level 1.1 Short Blades
 + Level 7.8 Maces & Flails
 - Level 3.0 Throwing
 + Level 7.4 Armour
 - Level 5.5 Dodging
 - Level 5.0 Stealth
 - Level 4.3 Spellcasting
 - Level 4.0 Conjurations
 - Level 3.0 Hexes
 - Level 10.5 Ice Magic
 - Level 7.0 Invocations
 + Level 2.3 Evocations


You had 11 spell levels left.
You knew the following spells:

 Your Spells              Type           Power      Damage    Failure   Level
a - Ensorcelled Hibernat  Hex/Ice        62%        N/A       2%          2
b - Frozen Ramparts       Ice            92%        1d14      1%          3
c - Hailstorm             Conj/Ice       33%        3d8       3%          3

Your spell library contained the following spells:

 Spells                   Type           Power      Damage    Failure   Level
 Freeze                   Ice            100%       1d10      1%          1
 Shock                    Conj/Air       48%        1d6       11%         1
 Jinxbite                 Hex            32%        N/A       11%         2
 Dazzling Flash           Conj/Hex       36%        N/A       17%         3
 Confusing Touch          Hex            16%        N/A       21%         3
 Tukima's Dance           Hex            16%        N/A       21%         3
 Apportation              Tloc           8%         N/A       24%         1
 Sublimation of Blood     Necr           4%         N/A       34%         2
 Wereblood                Tmut           4%         N/A       34%         2
 Summon Guardian Golem    Hex/Summ       10%        N/A       36%         3
 Swiftness                Air            4%         N/A       56%         3
 Volatile Blastmotes      Fire/Tloc      8%         2d10      56%         3
 Airstrike                Air            2%         2d(1-17)  93%         4
 Alistair's Intoxication  Tmut/Pois      2%         N/A       100%        5
 Starburst                Conj/Fire      6%         6d4       100%        6
 Orb of Destruction       Conj           10%        9d6       100%        7
 Spellforged Servitor     Conj/Summ      6%         N/A       100%        7
 Summon Hydra             Summ           2%         N/A       100%        7
 Maxwell's Capacitive Co  Air            2%         ∞         100%        8


Dungeon Overview and Level Annotations

Branches:
Dungeon (12/15)            Temple (1/1) D:4            Lair (1/5) D:11
  IceCv (1/1)
    Orc: D:9-12

Altars:
Ashenzari
Cheibriados
Dithmenos
Elyvilon
Fedhas
Gozag
Hepliaklqana
Kikubaaqudgha
Makhleb
Nemelex Xobeh
Okawaru
Qazlal
Ru
Sif Muna
Trog
Uskayaw
Vehumet
Wu Jian
Xom
Yredelemnul
Zin
The Shining One

Shops:
D:1 (   D:5 *   D:12 [

Annotations:
D:9 Harold IceCv exclusion: ice statue


Innate Abilities, Weirdness & Mutations

Your serpentine skin is tough. (AC +4)
You have supernaturally acute eyesight. (SInv)
Armour fits poorly on your strangely shaped body.
Your system is resistant to poisons. (rPois)
You cover ground very slowly.
You can spit poison.
You have a snake-like lower body.


Message History

You can now pass through a line of other dancers.
Casting: Hailstorm (mildly dangerous; 3% risk of failure)
Confirm with . or Enter, or press ? or * to list all spells.
Casting: Hailstorm (mildly dangerous; 3% risk of failure)
Press: ? - help, Dir - look around, f - activate A cannonade of hail descends around you!
The hail pelts the komodo dragon simulacrum!
The komodo dragon simulacrum partially resists.
The komodo dragon simulacrum is severely damaged.
The hail pelts the lindwurm simulacrum.
The lindwurm simulacrum partially resists.
The lindwurm simulacrum is severely damaged.
The lindwurm simulacrum bites you! The lindwurm simulacrum freezes you!
You resist.
* * * LOW HITPOINT WARNING * * *
The lindwurm simulacrum claws you but does no damage.
The lindwurm simulacrum closely misses you.
Unknown command.
You feel better. The lindwurm simulacrum bites you.
* * * LOW HITPOINT WARNING * * *
The lindwurm simulacrum freezes you! You resist.
* * * LOW HITPOINT WARNING * * *
The lindwurm simulacrum claws you but does no damage.
You block the lindwurm simulacrum's attack.
Unknown command.
You feel better.
Aiming: Throw Flame
Press: ? - help, Shift-Dir - straight line, f - lindwurm simulacrum
Aim: a lindwurm simulacrum (heavily damaged, 100% to hit)
The puff of flame hits the lindwurm simulacrum but does no damage.
The lindwurm simulacrum is heavily damaged.
The lindwurm simulacrum bites you!
* * * LOW HITPOINT WARNING * * *
The lindwurm simulacrum freezes you! You resist.
* * * LOW HITPOINT WARNING * * *
You block the lindwurm simulacrum's attack.
The lindwurm simulacrum claws you.
* * * LOW HITPOINT WARNING * * *
The lindwurm simulacrum freezes you! You resist.
You die...

##....# #......##
#........# ##
8........##
.####.........#
..##..........##
#..............##
##..............##
####.........##.@#
## ##........###Z#
.# #........##
#ZZ# ## ##.......#
##.# # ##.....##
.# # #.....# ..
###..## ..# #.#.##
..# ###..# #.Z


You could see a komodo dragon simulacrum and 2 lindwurm simulacra.

Vanquished Creatures
  Erica (D:9)
  A centaur warrior (D:12)
  5 two-headed ogres
  Amaemon (D:8)
  Sonja (D:11)
  Pikel (D:6)
  A deep elf pyromancer (D:12)
  2 manticores (D:11)
  An ugly thing (D:11)
  4 cyclopes
  An ice statue (IceCv)
  An orange demon (D:9)
  An unseen horror (D:11)
  A cane toad (Lair:1)
  2 rime drakes (IceCv)
  A komodo dragon (D:10)
  2 ice devils (Lair:1)
  4 trolls
  A queen bee (D:9)
  3 blink frogs (Lair:1)
  Prince Ribbit (D:9)
  Sigmund (D:2)
  A wyvern (D:10)
  7 yaks
  A water elemental (D:11)
  A wraith (D:9)
  2 acid dragons (D:9)
  4 sky beasts
  2 orc warriors (D:9)
  An ice beast (D:5)
  5 ogres
  2 black bears
  4 wolves (D:11)
  8 centaurs
  A lemure (D:6)
  2 kobold brigands
  Blork the orc (D:5)
  3 scorpions
  2 bullfrogs
  23 killer bees (D:9)
  A lindwurm simulacrum (IceCv)
  4 electric eels (D:11)
  5 howler monkeys
  5 komodo dragon simulacra (IceCv)
  10 hounds
  2 jellies (D:6)
  3 orc priests
  A gnoll bouda (D:8)
  4 iguanas
  Natasha (D:2)
  3 orc wizards
  8 gnolls
  11 adders
  4 acid dragon simulacra (IceCv)
  3 shadow imps (D:7)
  A white imp (D:7)
  3 steam dragon simulacra (IceCv)
  2 worms (D:3)
  A dart slug (D:4)
  20 orcs
  4 bats
  5 endoplasms
  3 giant cockroaches
  6 goblins
  6 hobgoblins
  5 jackals (D:2)
  5 quokkas
  8 ball pythons
  5 frilled lizards
  18 kobolds
  4 rats
268 creatures vanquished.

Notes
Turn   | Place    | Note
-------+----------+-------------------------------------------
     0 | D:1      | jt the Naga Enchanter began the quest for the Orb.
     0 | D:1      | Reached XP level 1. HP: 15/15 MP: 3/3
   165 | D:1      | Reached XP level 2. HP: 24/24 MP: 5/5
   186 | D:1      | Reached skill level 1 in Fighting
   385 | D:1      | Noticed a +0 demon whip
   387 | D:1      | Found Ymmike's Weapon Boutique.
   388 | D:1      | Noticed a +0 triple sword
   393 | D:1      | Reached skill level 5 in Stealth
   566 | D:1      | Reached XP level 3. HP: 31/31 MP: 6/6
   951 | D:2      | Noticed Sigmund
   962 | D:2      | Killed Sigmund
   963 | D:2      | Reached XP level 4. HP: 31/39 MP: 7/7
   963 | D:2      | Reached XP level 5. HP: 36/45 MP: 8/8
  1138 | D:2      | Identified a scroll of acquirement
  1562 | D:2      | Reached XP level 6. HP: 44/52 MP: 9/9
  1624 | D:2      | Identified the of Nyblapho (You acquired it on level 2 of
                  | the Dungeon)
  1648 | D:2      | Noticed Natasha
  1653 | D:2      | Killed Natasha
  1654 | D:2      | Reached skill level 1 in Armour
  1892 | D:3      | Learned a level 2 spell: Ensorcelled Hibernation
  2670 | D:4      | Found a shimmering altar of Xom.
  2671 | D:4      | Found a hide-covered altar of Uskayaw.
  2672 | D:4      | Found a sacrificial altar of Ru.
  2677 | D:4      | Became a worshipper of Uskayaw the Reveller
  2722 | D:4      | Found a staircase to the Ecumenical Temple.
  2730 | Temple   | Entered the Ecumenical Temple
  2782 | D:4      | Learned a level 3 spell: Frozen Ramparts
  2866 | D:4      | Reached * piety under Uskayaw
  2875 | D:4      | Reached skill level 1 in Ice Magic
  2877 | D:4      | Reached ** piety under Uskayaw
  2982 | D:4      | Noticed a black bear
  3085 | D:4      | Killed a black bear
  3085 | D:4      | Reached *** piety under Uskayaw
  3086 | D:4      | Reached skill level 3 in Ice Magic
  3086 | D:4      | Reached XP level 7. HP: 41/58 MP: 6/10
  3375 | D:5      | Entered Level 5 of the Dungeon
  3401 | D:5      | Reached skill level 4 in Ice Magic
  3778 | D:5      | Noticed Blork the orc
  3926 | D:5      | Reached skill level 5 in Ice Magic
  3979 | D:5      | Found Yggoyst's General Store.
  3983 | D:5      | Bought a wand of acid (4) for 218 gold pieces
  4153 | D:5      | Identified the +1 ring mail "Dytoy" {Rampage rC+ Int+3}
  4158 | D:5      | Reached skill level 1 in Evocations
  4162 | D:5      | Reached XP level 8. HP: 67/67 MP: 7/11
  4167 | D:5      | Reached **** piety under Uskayaw
  4321 | D:5      | Reached skill level 1 in Throwing
  4402 | D:5      | Killed Blork the orc
  4546 | D:5      | Reached skill level 6 in Ice Magic
  4981 | D:6      | Found a shimmering blue altar of Sif Muna.
  4987 | D:6      | Reached skill level 7 in Ice Magic
  5054 | D:6      | Reached XP level 9. HP: 54/73 MP: 9/13
  5295 | D:6      | Reached skill level 8 in Ice Magic
  5399 | D:6      | Noticed Pikel
  5407 | D:6      | Killed Pikel
  5414 | D:6      | Learned a level 3 spell: Hailstorm
  5807 | D:4      | Reached skill level 1 in Conjurations
  6039 | D:7      | You fall into a shaft and drop 2 floors!
  6085 | D:9      | Reached ***** piety under Uskayaw
  6095 | D:9      | Reached ****** piety under Uskayaw
  6101 | D:9      | Reached XP level 10. HP: 42/87 MP: 3/14
  6328 | D:9      | Reached skill level 5 in Fighting
  6384 | D:9      | Noticed Erica
  6393 | D:9      | Killed Erica
  6394 | D:9      | Reached skill level 9 in Ice Magic
  6547 | D:9      | Noticed a two-headed ogre
  6563 | D:9      | Killed a two-headed ogre
  6564 | D:9      | Reached skill level 5 in Dodging
  6851 | D:7      | Found a stormy altar of Qazlal.
  6854 | D:7      | Found a snail-covered altar of Cheibriados.
  6856 | D:7      | Found a hazy altar of Hepliaklqana.
  6925 | D:7      | Reached skill level 1 in Invocations
  7281 | D:7      | Found a glowing golden altar of the Shining One.
  7376 | D:7      | Found a glowing silver altar of Zin.
  7378 | D:7      | Found a basalt altar of Yredelemnul.
  7383 | D:7      | Found a white marble altar of Elyvilon.
  7740 | D:8      | Noticed a cyclops
  7753 | D:8      | Killed a cyclops
  7754 | D:8      | Reached skill level 5 in Armour
  7754 | D:8      | Reached XP level 11. HP: 93/99 MP: 15/15
  8598 | D:9      | Noticed Amaemon
  8644 | D:8      | Killed Amaemon
  8645 | D:8      | Reached skill level 5 in Maces & Flails
  9006 | D:9      | Noticed Harold
  9058 | D:9      | Noticed Prince Ribbit
  9070 | D:9      | Killed Prince Ribbit
  9165 | D:9      | HP: 1/99 [yak (6)]
  9661 | D:10     | Entered Level 10 of the Dungeon
  9725 | D:10     | Noticed a two-headed ogre
  9738 | D:10     | Killed a two-headed ogre
 10256 | D:10     | Found a bloodstained altar of Trog.
 10411 | D:10     | Noticed a deep troll
 10411 | D:10     | Noticed a deep troll
 10412 | D:10     | Found the necklace of Bloodlust {Fury *Rage Will++ Int-3
                  | Slay+6}
 11295 | D:11     | Noticed Sonja
 11297 | D:11     | Killed Sonja
 11324 | D:11     | Reached skill level 5 in Invocations
 11415 | D:11     | Found a staircase to the Lair.
 11512 | D:11     | Identified the +2 mace of Jauc {vamp, Will+}
 11524 | D:11     | Noticed a manticore
 11532 | D:11     | Killed a manticore
 11628 | D:11     | Noticed a cyclops
 11634 | D:11     | Killed a cyclops
 11800 | D:11     | Noticed a purple ugly thing
 11880 | D:11     | Killed a purple ugly thing
 11881 | D:11     | Reached skill level 10 in Ice Magic
 11881 | D:11     | Reached XP level 12. HP: 106/106 MP: 6/16
 12011 | D:11     | Noticed a two-headed ogre
 12014 | D:11     | Noticed a two-headed ogre
 12020 | D:11     | Killed a two-headed ogre
 12026 | D:11     | Killed a two-headed ogre
 12885 | D:12     | Noticed a centaur warrior
 12895 | D:12     | Killed a centaur warrior
 13067 | D:12     | Found Kaungiwk's Armour Emporium.
 13068 | D:12     | Noticed a two-headed ogre
 13074 | D:12     | Killed a two-headed ogre
 13496 | Lair:1   | Entered Level 1 of the Lair of Beasts
 13707 | Lair:1   | Found a frozen archway.
 13826 | IceCv    | Entered an ice cave
 14809 | IceCv    | Slain by a lindwurm simulacrum

Illustrated notes

Levels and vault maps discovered:
D:1:      dpeg_arrival_oval, layout_loops_ring, serial_shops,
          nicolae_shop_mannequins, kennysheep_flooded_box, st_stairs_3
D:2:      layout_loops_corners, minmay_hexomino_u4, uniq_sigmund, uniq_natasha
D:3:      layout_basic, serial_forest, infiniplex_forest_clump_double,
          infiniplex_forest_straight_2, infiniplex_forest_clump_double,
          infiniplex_forest_join, infiniplex_forest_3_way,
          infiniplex_forest_straight_4, infiniplex_forest_zigzag_1,
          minmay_crystal_water, chequers_garden, solitary_fountain
D:4:      layout_loops_corners, chequers_temple_overflow_statue_of_worship,
          minmay_temple_entry_offerings
D:5:      minmay_skewed_foursquare, layout_loops_ring, serial_shops,
          nicolae_square_shop, nicolae_half_adder, uniq_blork_the_orc
D:6:      layout_loops_ring, nicolae_sif_muna_condensation, uniq_pikel
D:7:      layout_loops_ring, tso_oasis_becter, minmay_overflow_temple_star_quad,
          grunt_temple_overflow_open
D:8:      layout_basic
D:9:      layout_long_grid, kennysheep_orc_monster_closet_entryway, special_room
          [special_room_bee], uniq_harold, uniq_erica, uniq_prince_ribbit1,
          uniq_amaemon
D:10:     layout_roguey, mainiacjoe_overflow_catwalk,
          hellmonk_guarded_unrand_vitality_bloodlust
D:11:     layout_irregular_city, erik_lair_island, uniq_sonja
D:12:     layout_roguey, serial_shops, nicolae_diamond_shop, minivault_14,
          palyth_stone_intersect, kennysheep_cluttered_room
Temple:   eino_wide_crystal_templ
Lair:1:   layout_misc_corridors, portal_ice_cave_demonic_guard,
          patterned_corridor
IceCv:    ice_cave_small_dragons

Skill      XL: |  1  2  3  4  5  6  7  8  9 10 11 12 |
---------------+-------------------------------------+-----
Fighting       | 1 4 6 |  6.6
Stealth        | 5 |  5.0
Dodging        | 2 3 5 |  5.5
Maces & Flails | 4 6 7 |  7.8
Armour         | 1 3 5 6 7 |  7.4
Ice Magic      | 3 5 7 8 9 10 | 10.5
Evocations     | 1 2 |  2.3
Throwing       | 2 3 |  3.0
Spellcasting   | 3 4 |  4.3
Conjurations   | 2 4 |  4.0
Invocations    | 2 5 7 |  7.0
Short Blades   | |  1.1
Hexes          | |  3.0

Action                     |  1- 3 |  4- 6 |  7- 9 | 10-12 || total
---------------------------+-------+-------+-------+-------++-------
  Melee: Whip              |    64 |    85 |   133 |   116 ||   398
         Dagger            |     4 |       |       |       ||     4
         Punch             |       |       |     2 |     3 ||     5
         Demon whip        |       |       |       |   250 ||   250
  Throw: Dart              |       |       |     5 |    15 ||    20
         Stone             |       |       |    10 |     1 ||    11
   Cast: Ensorcelled Hiber |       |     2 |     3 |       ||     5
         Frozen Ramparts   |       |     1 |    31 |    39 ||    71
         Hailstorm         |       |       |     1 |    62 ||    63
 Invoke: Line Pass         |       |       |       |     1 ||     1
         Stomp             |       |       |       |     7 ||     7
Ability: Spit Poison       |    22 |    29 |    45 |    63 ||   159
  Evoke: Wand              |       |       |     5 |    23 ||    28
         Box of beasts     |       |       |       |     1 ||     1
    Use: Potion            |     2 |       |     3 |    14 ||    19
         Scroll            |     1 |     4 |     4 |    16 ||    25
   Stab: Sleeping          |     2 |     5 |     3 |     5 ||    15
         Paralysed         |       |       |     4 |    19 ||    23
         Invisible         |       |       |       |     2 ||     2
 Armour: Robe              |    57 |     7 |       |       ||    64
         Leather armour    |       |    60 |    77 |    72 ||   209
         Ring mail         |       |       |       |   268 ||   268
         Skin              |       |       |       |     3 ||     3
  Dodge: Dodged            |    41 |    37 |    46 |   171 ||   295
  Block: Other             |       |    13 |    19 |    88 ||   120
         Reflection        |       |       |       |     2 ||     2

Table legend: (Time is in decaauts)
 A = Elapsed time spent in this place.
 B = Non-inter-level travel time spent in this place.
 C = Inter-level travel time spent in this place.
 D = Time resting spent in this place.
 E = Time spent auto-exploring this place.
 F = Levels seen in this place.
 G = Mean time per level.
                   A        B        C        D        E       F      G
               +--------+--------+--------+--------+--------+-----+--------+
         Total |  17821 |  16935 |    886 |   5206 |   6804 |  15 | 1188.1 |
       Dungeon |  16362 |  15497 |    865 |   4458 |   6667 |  12 | 1363.5 |
        Temple |      7 |      7 |      0 |      3 |      0 |   1 |    7.0 |
          Lair |    387 |    366 |     21 |    144 |      0 |   1 |  387.0 |
      Ice Cave |   1065 |   1065 |      0 |    601 |    137 |   1 | 1065.0 |
               +--------+--------+--------+--------+--------+-----+--------+

Top non-repeatable levels by time:
    D:11: 2682 daAuts
     D:8: 1858 daAuts
     D:5: 1685 daAuts
     D:4: 1498 daAuts
     D:9: 1328 daAuts
     D:6: 1261 daAuts
     D:2: 1240 daAuts
     D:7: 1214 daAuts
     D:1: 1205 daAuts
   IceCv: 1065 daAuts
    D:10: 936 daAuts
     D:3: 795 daAuts
    D:12: 654 daAuts
  Lair:1: 387 daAuts
  Temple: 7 daAuts
